 Dungeon Crawl Stone Soup version 0.19.1 (webtiles) character file.

15556 Darkmans the Tortoise (level 12, -8/165 HPs)
             Began as a Minotaur Fighter on Nov 30, 2016.
             Was a High Priest of Okawaru.
             Mangled by a vault guard
             ... wielding a +0 broad axe
              (10 damage)
             ... on level 13 of the Dungeon.
             The game lasted 00:47:51 (13448 turns).

Darkmans the Tortoise (Minotaur Fighter)           Turns: 13448, Time: 00:47:51

Health: -8/165     AC: 26    Str: 30    XL:     12   Next: 2%
Magic:  9/11       EV:  2    Int:  5    God:    Okawaru [*****.]
Gold:   564        SH:  0    Dex: 11    Spells: 0 memorised, 11 levels left

rFire  . . .     SeeInvis .     c - +1 great sword
rCold  + . .     Gourm    .     (armour currently unavailable)
rNeg   + + +     Faith    .     (shield currently unavailable)
rPois  +         Spirit   .     (helmet currently unavailable)
rElec  .         Reflect  .     (cloak currently unavailable)
rCorr  .         Harm     .     (gloves currently unavailable)
MR     .....     NoTele   +     (boots currently unavailable)
Stlth  +++.......               (no amulet)
                                (no ring)
                                H - ring of protection from cold

@: mighty, tree-form (expiring), heroism
A: (retaliatory headbutt), (horns 0)
a: Heroism, Finesse, Renounce Religion


You were on level 13 of the Dungeon.
You worshipped Okawaru.
Okawaru was extremely pleased with you.
You were not hungry.
You were a tree.
You visited 2 branches of the dungeon, and saw 14 of its levels.
You also visited: Sewer.

You collected 749 gold pieces.
You spent 185 gold pieces at shops.

Inventory:

Hand Weapons
 a - a +0 long sword
 c - a +1 great sword (weapon)
 h - a +0 short sword of speed
 l - a +0 dire flail
 I - a +2 long sword of venom
Armour
 b - a +0 scale mail
 m - a +0 shield
 w - a +0 buckler of reflection
 y - a +0 pair of gloves (melded)
 B - a +0 cloak (melded)
 F - a +6 plate armour (melded)
 K - a +0 pair of boots (melded)
Jewellery
 H - a ring of protection from cold (left branch)
Wands
 e - a wand of heal wounds (3/9)
Scrolls
 i - 2 scrolls of noise
 k - 5 scrolls of remove curse
 n - 2 scrolls of identify
 q - 2 scrolls of amnesia
 x - 3 scrolls of enchant armour
 J - a scroll of fear
Potions
 d - 2 potions of might
 j - a potion of ambrosia
 p - 2 potions of lignification
 s - 4 potions of agility
 t - a potion of haste
 v - a potion of magic
 C - 2 potions of cancellation
 L - 2 potions of flight
 Q - 2 potions of invisibility
Books
 u - a book of Cantrips

   Spells                             Type                      Level
   a - Confusing Touch                Hexes                        1
   b - Animate Skeleton               Necromancy                   1
   c - Summon Small Mammal            Summoning                    1
   d - Apportation                    Translocation                1
 E - a book of Air

   Spells                             Type                      Level
   a - Shock                          Conjuration/Air              1
   b - Swiftness                      Charms/Air                   2
   c - Repel Missiles                 Charms/Air                   2
   d - Static Discharge               Conjuration/Air              3
   e - Lightning Bolt                 Conjuration/Air              5
Comestibles
 f - 6 bread rations
 g - 6 fruits
 r - 5 meat rations
 O - 7 beef jerkies


   Skills:
 - Level 11.3(16.3) Fighting
 - Level 10.1(15.1) Long Blades
 + Level 15.7(20.7) Armour
 - Level 9.6(14.6) Shields


You had 11 spell levels left.
You didn't know any spells.

Dungeon Overview and Level Annotations

Branches:
Dungeon (13/15)            Temple (1/1) D:5            Lair (0/6) D:10
    Orc (0/2) D:10
 Vaults: D:13-14

Altars:
Ashenzari
Cheibriados
Dithmenos
Elyvilon
Fedhas
Gozag
Hepliaklqana
Kikubaaqudgha
Makhleb
Nemelex Xobeh
Okawaru
Qazlal
Ru
Sif Muna
Trog
Uskayaw
Vehumet
Xom
Yredelemnul
Zin
The Shining One

Shops:
D:4 =:=((   D:5 }:!:   D:13 **![

Portals:
Trove: D:10 (show abyssal rune of Zot)

Annotations:
D:7 1 runed door


Innate Abilities, Weirdness & Mutations

((You reflexively headbutt those who attack you in melee.))
((You have a pair of horns on your head.))


Message History

The vault guard hits you from afar with an enchanted bardiche.
* * * LOW HITPOINT WARNING * * *
The vault guard hits you but does no damage.
The vault guard hits you with a broad axe!
* * * LOW HITPOINT WARNING * * *
A freezing wraith comes into view.
The death knight shouts!
You slice the vault guard!!
The vault guard is moderately wounded.
The vault guard hits you with an enchanted great sword!
* * * LOW HITPOINT WARNING * * *
The vault guard hits you but does no damage.
Unknown command.
You hit the vault guard but do no damage.
The vault guard is moderately wounded.
The vault guard hits you from afar with an enchanted glaive.
* * * LOW HITPOINT WARNING * * *
The vault guard hits you but does no damage.
The vault guard hits you with a broad axe!
You die...

.... ####
# # # #.
####.####
#.$....(#
#.......+
#...pp..#
.Wp..pp♣#
......pp#
#.....pp#
#...#####
#.. #.
### # ...
...


You could see a death knight, 8 vault guards and a freezing wraith.

Vanquished Creatures
  2 centaur warriors
  A hill giant (D:12)
  Joseph (D:8)
  4 cyclopes
  An elephant (D:10)
  3 kobold demonologists
  2 trolls
  2 two-headed ogres (D:12)
  3 hippogriffs
  A redback (D:12)
  A wraith (D:11)
  3 wyverns
  15 yaks
  A vampire mosquito (D:13)
  3 wargs (D:10)
  A soldier ant (D:13)
  A hornet zombie (D:6)
  2 sky beasts
  Purgy (Sewer)
  3 orc warriors
  3 eyes of draining
  2 ice beasts
  3 phantoms
  A black bear (D:9)
  8 ogres
  11 centaurs
  A crocodile (D:10)
  Blork the orc (D:6)
  6 bullfrogs
  A gnoll sergeant (D:5)
  7 scorpions
  6 killer bees (D:9)
  6 wights
  2 jellies
  A howler monkey (D:5)
  5 crimson imps
  A bullfrog zombie (D:12)
  A centaur zombie (D:6)
  5 hounds
  4 orc priests
  A bullfrog skeleton (D:11)
  A centaur skeleton (D:6)
  15 orc wizards
  5 iguanas
  Natasha (D:3)
  6 worker ants
  A killer bee zombie (D:8)
  A hound zombie (D:5)
  2 hound skeletons
  2 worker ant zombies
  Robin (D:3)
  9 adders
  4 gnolls
  A howler monkey skeleton (D:5)
  A shadow imp (D:6)
  An ooze (D:3)
  An adder zombie (D:9)
  An adder skeleton (D:4)
  2 worms
  4 dart slugs
  6 leopard geckos
  41 orcs
  11 bats
  4 giant cockroaches
  14 goblins
  11 hobgoblins
  15 jackals
  7 kobolds
  3 quokkas
  2 frilled lizards (D:2)
  A leopard gecko skeleton (D:9)
  9 rats
310 creatures vanquished.

Notes
Turn   | Place    | Note
-------+----------+-------------------------------------------
     0 | D:1      | Darkmans the Minotaur Fighter began the quest for the Orb.
     0 | D:1      | Reached XP level 1. HP: 19/19 MP: 0/0
   104 | D:1      | Reached XP level 2. HP: 23/26 MP: 1/1
   238 | D:1      | Reached skill level 4 in Armour
   533 | D:1      | Reached XP level 3. HP: 7/31 MP: 2/2
  1287 | D:3      | Reached XP level 4. HP: 38/39 MP: 3/3
  1322 | D:3      | Found a hazy altar of Hepliaklqana.
  1386 | D:3      | Reached skill level 5 in Armour
  1427 | D:3      | Reached XP level 5. HP: 34/45 MP: 4/4
  1576 | D:3      | Noticed Robin
  1606 | D:3      | Killed Robin
  1821 | D:3      | Noticed Natasha
  1836 | D:3      | Killed Natasha
  1836 | D:3      | Reached skill level 5 in Long Blades
  2072 | D:3      | Found a basalt altar of Yredelemnul.
  2444 | D:4      | Found a shadowy altar of Dithmenos.
  2469 | D:4      | Found Xarauvua's Weapon Boutique.
  2484 | D:4      | Found Ucuaneast's Weapon Shop.
  2492 | D:4      | Reached skill level 6 in Armour
  2610 | D:4      | Gained mutation: You are resistant to hostile enchantments. (MR+) [potion of mutation]
  2610 | D:4      | Gained mutation: Your spells are a little harder to cast, but a little more powerful. [potion of mutation]
  2610 | D:4      | Gained mutation: Your system is resistant to poisons. (rPois) [potion of mutation]
  2613 | D:4      | Gained mutation: You are agile. (Dex +2) [potion of mutation]
  2613 | D:4      | Gained mutation: Your magical capacity is low. (-10% MP) [potion of mutation]
  2613 | D:4      | Lost mutation: Your magical capacity is low. (-10% MP) [potion of mutation]
  2647 | D:4      | Found Nuim's Jewellery Emporium.
  2706 | D:4      | Reached XP level 6. HP: 51/51 MP: 5/5
  2862 | D:4      | Found Ysocw's Jewellery Emporium.
  2928 | D:4      | Found a glowing drain.
  2937 | Sewer    | Entered a sewer
  2984 | Sewer    | Noticed Purgy
  2997 | Sewer    | Killed Purgy
  3049 | Sewer    | Gained mutation: Your spells are harder to cast, but more powerful. [potion of beneficial mutation]
  3080 | D:4      | Found Puog's Book Emporium.
  3128 | D:5      | Entered Level 5 of the Dungeon
  3143 | D:5      | Reached skill level 7 in Armour
  3261 | D:5      | Found a staircase to the Ecumenical Temple.
  3275 | D:5      | Reached XP level 7. HP: 48/57 MP: 6/6
  3367 | Temple   | Entered the Ecumenical Temple
  3575 | D:5      | Found Hiddyon's Distillery.
  3596 | D:5      | Bought a potion of cancellation for 96 gold pieces
  3700 | D:5      | Reached skill level 8 in Armour
  4072 | D:5      | Found Ykoky's Gadget Emporium.
  4102 | D:5      | Found Oqikupe's Book Shop.
  4114 | D:5      | Found Pemeselo's Book Emporium.
  4349 | D:5      | Reached XP level 8. HP: 64/64 MP: 7/7
  4420 | D:5      | Reached skill level 9 in Armour
  5077 | D:6      | Found an iron altar of Okawaru.
  5084 | D:6      | Became a worshipper of Warmaster Okawaru
  5203 | D:6      | Reached skill level 5 in Shields
  5420 | D:6      | Reached * piety under Okawaru
  5706 | D:6      | Reached skill level 10 in Long Blades
  5778 | D:6      | Noticed Blork the orc
  5786 | D:6      | Killed Blork the orc
  5929 | D:6      | Reached XP level 9. HP: 61/71 MP: 8/8
  6304 | D:7      | Identified Zihimm's Grimoire of the Earthen Glacier
  6359 | D:7      | Reached skill level 5 in Fighting
  6500 | D:7      | Found a runed door.
  6509 | D:7      | Noticed a sixfirhy
  6699 | D:8      | Noticed Joseph
  6714 | D:8      | Killed Joseph
  6714 | D:8      | Reached ** piety under Okawaru
  7704 | D:9      | Reached *** piety under Okawaru
  7754 | D:9      | Found a stormy altar of Qazlal.
  7782 | D:9      | Gained mutation: You expend magic power (3 MP) to strengthen your wands. [mutagenic meat]
  7783 | D:9      | Lost mutation: You expend magic power (3 MP) to strengthen your wands. [mutagenic meat]
  7784 | D:9      | Gained mutation: You are weak. (Str -2) [mutagenic meat]
  7785 | D:9      | Lost mutation: You are agile. (Dex +2) [mutagenic meat]
  7804 | D:9      | Reached XP level 10. HP: 77/90 MP: 9/9
  8347 | D:9      | Reached skill level 10 in Fighting
  8556 | D:9      | Reached **** piety under Okawaru
  8954 | D:10     | Entered Level 10 of the Dungeon
  9042 | D:10     | Found a staircase to the Lair.
  9043 | D:10     | Noticed an elephant
  9054 | D:10     | Killed an elephant
  9105 | D:10     | Found a portal to a secret trove of treasure.
  9112 | D:10     | Found an opulent altar of Gozag.
  9301 | D:10     | Reached skill level 10 in Armour
  9321 | D:10     | Reached ***** piety under Okawaru
  9361 | D:10     | Found a staircase to the Orcish Mines.
  9663 | D:10     | Gained mutation: You are dopey. (Int -2) [potion of mutation]
  9663 | D:10     | Gained mutation: You can translocate small distances at will. [potion of mutation]
  9663 | D:10     | Gained mutation: You are frail. (-10% HP) [potion of mutation]
  9876 | D:11     | Noticed a sun demon
  9876 | D:11     | Noticed a sun demon
  9880 | D:11     | Noticed a rust devil
  9892 | D:10     | Reached skill level 11 in Armour
 10041 | D:11     | Reached XP level 11. HP: 67/91 MP: 10/10
 10056 | D:11     | Reached skill level 12 in Armour
 10531 | D:11     | Received a gift from Okawaru
 11222 | D:11     | Lost mutation: Your spells are harder to cast, but more powerful. [potion of cure mutation]
 11222 | D:11     | Lost mutation: You are frail. (-10% HP) [potion of cure mutation]
 11222 | D:11     | Lost mutation: You are dopey. (Int -2) [potion of cure mutation]
 11223 | D:11     | Lost mutation: Your spells are a little harder to cast, but a little more powerful. [potion of cure mutation]
 11223 | D:11     | Lost mutation: You are weak. (Str -2) [potion of cure mutation]
 11223 | D:11     | Lost mutation: Your system is resistant to poisons. (rPois) [potion of cure mutation]
 11588 | D:12     | Noticed a centaur warrior
 11601 | D:12     | Killed a centaur warrior
 11601 | D:12     | Reached skill level 13 in Armour
 11752 | D:12     | Noticed a six-headed hydra
 11752 | D:12     | Noticed a brown ugly thing
 11753 | D:12     | Noticed a death knight
 12340 | D:12     | HP: 5/102 [poisoned by a redback]
 12349 | D:12     | Lost mutation: You can translocate small distances at will. [potion of cure mutation]
 12349 | D:12     | Lost mutation: You are resistant to hostile enchantments. (MR+) [potion of cure mutation]
 12349 | D:12     | HP: 5/102 [two-headed ogre/giant club (5)]
 12354 | D:12     | Reached skill level 14 in Armour
 12588 | D:12     | Noticed a hill giant
 12600 | D:12     | Killed a hill giant
 13132 | D:13     | Found Laommestig's Distillery.
 13134 | D:13     | Found Ismugg's General Store.
 13134 | D:13     | Found Ygiyzer's Antique Armour Shop.
 13147 | D:13     | Reached skill level 15 in Armour
 13411 | D:13     | Bought a potion of curing for 57 gold pieces
 13414 | D:13     | Found Duacek's General Store.
 13420 | D:13     | Bought a scroll of identify for 32 gold pieces
 13421 | D:13     | Noticed a centaur warrior
 13425 | D:13     | Killed a centaur warrior
 13426 | D:13     | Noticed a vault guard
 13428 | D:13     | Noticed a vault guard
 13429 | D:13     | Noticed a vault guard
 13436 | D:13     | Noticed a vault guard
 13439 | D:13     | Noticed a vault guard
 13439 | D:13     | Reached XP level 12. HP: 95/110 MP: 11/11
 13441 | D:13     | Noticed a vault guard
 13442 | D:13     | Noticed a vault guard
 13444 | D:13     | Noticed a vault guard
 13446 | D:13     | Noticed a death knight
 13447 | D:13     | HP: 6/165 [vault guard/enchanted great sword (12)]
 13448 | D:13     | HP: 2/165 [vault guard/enchanted glaive (4)]
 13448 | D:13     | Mangled by a vault guard

Skill      XL: |  1  2  3  4  5  6  7  8  9 10 11 |
---------------+----------------------------------+-----
Long Blades    | 3 4 5 6 8 10 | 10.1
Armour         | 4 5 6 7 8 9 11 15 | 15.7
Shields        | 6 9 |  9.6
Fighting       | 8 11 | 11.3

Action                   |  1- 3 |  4- 6 |  7- 9 | 10-12 || total
-------------------------+-------+-------+-------+-------++-------
Melee: Long sword        |    16 |       |   103 |     6 ||   125
       Headbutt          |    22 |    44 |    99 |    96 ||   261
       Short sword       |   107 |   197 |   122 |       ||   426
       Falchion          |       |       |   159 |       ||   159
       Great sword       |       |       |    15 |   388 ||   403
Invok: Heroism           |       |       |       |     3 ||     3
 Abil: Blink             |       |       |       |     1 ||     1
  Use: Potion            |     1 |     4 |     1 |    11 ||    17
       Scroll            |     5 |     4 |    16 |    10 ||    35
  Eat: Chunk             |       |     7 |     9 |     5 ||    21
       Bread ration      |       |       |     1 |     1 ||     2
       Meat ration       |       |       |     1 |     1 ||     2
       Pizza             |       |       |       |     3 ||     3
       Beef jerky        |       |       |       |     1 ||     1
       Fruit             |       |       |       |     1 ||     1
Armor: Scale mail        |    51 |    74 |    46 |       ||   171
       Plate armour      |       |       |   168 |   468 ||   636
       Skin              |       |       |       |    57 ||    57
Dodge: Dodged            |    47 |    42 |    77 |   253 ||   419
Block: Shield            |    75 |    75 |   191 |       ||   341
       Rpst.: Long sword |     1 |       |     8 |     1 ||    10
       Falchion          |       |       |     8 |       ||     8
       Great sword       |       |       |     4 |    60 ||    64
